 Dungeon Crawl Stone Soup version 0.31-a0-437-g7cee417757 (webtiles) character file.

Game seed: 6122673675695225316

28978 AdnanSaban the Basher (level 13, -3/82 HPs)
             Began as a Gargoyle Fighter on Aug 2, 2023.
             Was the Champion of Okawaru.
             Slain by a torpor snail (13 damage)
             ... on level 2 of the Lair of Beasts.
             The game lasted 00:23:52 (13589 turns).

AdnanSaban the Basher (Gargoyle Fighter)           Turns: 13589, Time: 00:23:53

Health: -3/82      AC: 36    Str: 34    XL:     13   Next: 42%
Magic:  0/19       EV: 12    Int:  8    God:    Okawaru [******]
Gold:   802        SH:  9    Dex: 12    Spells: 12/12 levels left

rFire   + . .        P - +7 flail of Erchurri {spect, Dex+3}
rCold   + . .        Q - +2 buckler
rNeg    + . .        W - +1 plate armour "Zaqumobb" {Rampage Will++ Str+5}
rPois   ∞            x - +2 helmet
rElec   +            y - scarf {rC+ rF+}
rCorr   +            q - +2 pair of gloves {Str+3}
SInv    .            B - +0 pair of boots
Will    +++..        o - amulet of guardian spirit Stlth
                     Z - ring of resist corrosion
HPRegen 0.33/turn    j - ring of willpower
MPRegen 0.16/turn

%: guardian spirit, rampage
@: heroic, slowed, studying Stealth, very slow
A: sickness immunity, AC +9, negative energy resistance 1, electricity
resistance, torment resistance 1, petrification resistance
a: Renounce Religion, Heroism, Finesse, Duel


You were on level 2 of the Lair of Beasts.
You worshipped Okawaru.
Okawaru was exalted by your worship.
You visited 2 branches of the dungeon, and saw 14 of its levels.
You also visited: Gauntlet.

You collected 802 gold pieces.

Inventory:

Hand Weapons
 P - the +7 flail of Erchurri (weapon) {spect, Dex+3}
   (You found it on level 9 of the Dungeon)

   Dex:       It affects your dexterity (+3).
Missiles
 h - 40 poisoned darts
 D - 3 silver javelins
 E - 9 boomerangs (quivered)
 H - a curare-tipped dart
Armour
 l - a +0 cloak
 q - a +2 pair of gloves of strength (worn)
 x - a +2 helmet (worn)
 y - a scarf of resistance (worn)
 B - a +0 pair of boots (worn)
 Q - a +2 buckler (worn)
 W - the +1 plate armour "Zaqumobb" (worn) {Rampage Will++ Str+5}
   (Okawaru gifted it to you on level 11 of the Dungeon)

   Str:       It affects your strength (+5).
   Rampage:   It bestows one free step when moving towards enemies.
   Will:      It greatly increases your willpower.
Jewellery
 c - a ring of ice
 j - a ring of willpower (right hand)
 k - a ring of protection from fire
 o - an amulet of guardian spirit (around neck)
 Y - a ring of see invisible
 Z - a ring of resist corrosion (left hand)
Wands
 n - a wand of flame (100)
 J - a wand of mindburst (9)
 N - a wand of polymorph (3)
Scrolls
 a - 4 scrolls of noise {unknown}
 b - 2 scrolls of enchant weapon {unknown}
 e - 3 scrolls of immolation {unknown}
 f - 16 scrolls of identify {unknown}
 g - 2 scrolls of torment {unknown}
 i - 3 scrolls of blinking {unknown}
 m - 10 scrolls of teleportation {unknown}
 p - a scroll of amnesia {unknown}
 t - 2 scrolls of vulnerability {unknown}
 F - a scroll of brand weapon {unknown}
 G - 4 scrolls of silence {unknown}
 I - a scroll of revelation {unknown}
 L - a scroll of butterflies {unknown}
 M - a scroll of fear {unknown}
 R - 2 scrolls of enchant armour {unknown}
 S - a scroll of fog {unknown}
 T - a scroll of poison {unknown}
Potions
 d - 2 potions of might
 r - 6 potions of curing {unknown}
 s - 24 potions of degeneration
 u - 2 potions of lignification {unknown}
 v - 2 potions of brilliance {unknown}
 w - 3 potions of heal wounds {unknown}
 z - a potion of invisibility {unknown}
 A - 2 potions of berserk rage {unknown}
 C - 3 potions of mutation {unknown}
 K - a potion of attraction {unknown}
 O - a potion of enlightenment {unknown}
 X - 4 potions of cancellation {unknown}


   Skills:
 + Level 10.2(15.2) Fighting
 + Level 13.9(18.9) Maces & Flails
 + Level 2.2(7.2) Throwing
 + Level 10.4(15.4) Armour
 + Level 3.6(8.6) Dodging
 + Level 5.3(10.3) Stealth
 + Level 9.6(14.6) Shields
 * Level 8.3 Invocations


You had 12 spell levels left.
You didn't know any spells.
Your spell library contained the following spells:

 Spells                   Type           Power      Damage    Failure   Level
 Sandblast                Erth           0%         2d4       90%         1
 Ensorcelled Hibernation  Hex/Ice        0%         N/A       97%         2
 Passwall                 Tmut/Erth      0%         N/A       97%         2
 Poisonous Vapours        Pois/Air       0%         N/A       97%         2
 Mephitic Cloud           Conj/Pois/Air  0%         N/A       99%         3
 Ozocubu's Armour         Ice            0%         N/A       99%         3
 Stone Arrow              Conj/Erth      0%         3d7       99%         3
 Swiftness                Air            0%         N/A       99%         3
 Vhi's Electric Charge    Tloc/Air       0%         N/A       99%         3
 Anguish                  Hex/Necr       0%         N/A       100%        4
 Alistair's Intoxication  Tmut/Pois      0%         N/A       100%        5
 Arcjolt                  Conj/Air       0%         1d10      100%        5
 Borgnjor's Vile Clutch   Necr/Erth      0%         N/A       100%        5
 Freezing Cloud           Conj/Ice/Air   0%         6-21      100%        5
 Eringya's Noxious Bog    Tmut/Pois      0%         4d6       100%        6
 Plasma Beam              Fire/Air       0%         2x1d10    100%        6
 Ozocubu's Refrigeration  Ice            0%         4d7       100%        7
 Animate Dead             Necr           Unusable   N/A       N/A         4
 Death Channel            Necr           Unusable   N/A       N/A         6

Dungeon Overview and Level Annotations

Branches:
Dungeon (12/15)            Temple (0/1) D:4            Lair (2/5) D:11
  Snake (0/4) Lair:2          Orc (0/2) D:9         Gauntlet (visited)
  Swamp: Lair:2-3    Shoals: Lair:2-3

Altars:
Ashenzari
Gozag
Kikubaaqudgha
Makhleb
Okawaru
Vehumet
Xom

Shops:
D:7 :   D:12 *

Annotations:
D:2 1 runed translucent door, Crazy Yiuf


Innate Abilities, Weirdness & Mutations

You are immune to sickness and miasma.
Your stone body is resilient. (AC +9)
You are immune to poison.
You resist negative energy. (rN+)
You are resistant to electric shocks. (rElec)
You are resistant to unholy torment.
You are immune to petrification.


Message History

The yak gores you!
* * * LOW HITPOINT WARNING * * *
The cane toad stings you but does no damage.
You bludgeon the cane toad!!
The cane toad is severely wounded.
The cane toad barely misses you. The yak gores you but does no damage.
You bludgeon the cane toad!!
You kill the cane toad!
Okawaru accepts your kill. The yak gores you but does no damage.
You closely miss the yak. You block the yak's attack.
You hit the torpor snail.
The torpor snail is lightly wounded.
The yak closely misses you.
You bludgeon the torpor snail!!
The torpor snail is heavily wounded.
You block the yak's attack.
The torpor snail bites you but does no damage.
You bludgeon the torpor snail!!
The torpor snail is almost dead.
The yak gores you.
* * * LOW HITPOINT WARNING * * *
You hit the torpor snail.
The torpor snail is almost dead.
The yak gores you but does no damage.
The torpor snail bites you but does no damage.
You hit the torpor snail but do no damage.
The torpor snail is almost dead.
The yak gores you.
* * * LOW HITPOINT WARNING * * *
You block the torpor snail's attack.
You completely miss the torpor snail.
The torpor snail is almost dead.
The yak closely misses you. The torpor snail bites you!
* * * LOW HITPOINT WARNING * * *
You gain the combat prowess of a mighty hero.
The yak completely misses you. The yak gores you.
* * * LOW HITPOINT WARNING * * *
The torpor snail bites you!
You die...

..# #...##.###..........††...
.########..........##..##........
..##.#.##........#.#.............
.....†.....#..............#......
............+#.#P.........+......
...........wY......##.##..P......
............YF.YYY............^..
.#.###.####.#P##wY##.####.###.#.#
#.## ### ######@##### ### #### ##
###


You could see a torpor snail and 4 yaks.

Vanquished Creatures
  A minotaur (Gauntlet)
  An entropy weaver (Gauntlet)
  Josephine (D:10)
  Fannar (D:10)
  A hydra (Lair:2)
  A boulder beetle (Lair:2)
  3 two-headed ogres
  A catoblepas (Lair:1)
  A tengu warrior (Gauntlet)
  Pikel (D:7)
  2 manticores
  A wolf spider (Gauntlet)
  2 oklob plants (D:11)
  3 cyclopes
  A black mamba (Lair:1)
  A gargoyle (D:10)
  4 cane toads
  A rime drake (Lair:2)
  4 unseen horrors
  5 komodo dragons (Lair:1)
  A kobold demonologist (D:10)
  A tengu conjurer (Gauntlet)
  A polar bear (Lair:2)
  5 trolls
  A hornet (D:9)
  2 centaur simulacra (Gauntlet)
  A slime creature (D:10)
  A vampire (D:12)
  23 yaks
  2 wyverns
  7 wraiths
  Grum (D:8)
  3 basilisks
  4 steam dragons
  A redback (Gauntlet)
  Menkaure (D:6)
  2 nagas (Lair:2)
  7 water moccasins
  4 black bears
  5 orc warriors
  3 ice beasts
  A sky beast (D:7)
  2 ogres (D:7)
  7 wolves
  3 centaurs
  3 phantoms
  2 lemures (D:7)
  5 kobold brigands
  4 bullfrogs
  4 gnoll sergeants
  2 scorpions
  A hornet simulacrum (Gauntlet)
  A wight (D:10)
  10 killer bees
  3 electric eels (D:6)
  A howler monkey (D:10)
  2 jellies
  A gnoll bouda (D:10)
  3 hounds
  3 orc priests
  2 sleepcaps
  2 iguanas (D:5)
  8 orc wizards
  18 gnolls
  3 adders
  3 ufetubi
  4 worms
  A dart slug (D:4)
  32 orcs
  6 ball pythons
  4 bats
  3 endoplasms
  A giant cockroach (D:3)
  6 goblins
  4 hobgoblins
  10 jackals
  20 kobolds
  2 quokkas
  2 frilled lizards
  A rat (D:1)
302 creatures vanquished.

Vanquished Creatures (others)
  An orc wizard (D:5)
  A gnoll (D:6)
  An orc (D:6)
  3 spectral weapons
6 creatures vanquished.

Grand Total: 308 creatures vanquished

Notes
Turn   | Place    | Note
-------+----------+-------------------------------------------
     0 | D:1      | AdnanSaban the Gargoyle Fighter began the quest for the
                  | Orb.
     0 | D:1      | Reached XP level 1. HP: 14/14 MP: 1/1
   265 | D:1      | Reached XP level 2. HP: 16/19 MP: 2/2
   925 | D:2      | Reached XP level 3. HP: 15/23 MP: 3/3
  1486 | D:2      | Found a runed translucent door.
  1487 | D:2      | Noticed Crazy Yiuf
  1971 | D:3      | Reached skill level 3 in Maces & Flails
  2086 | D:3      | Reached XP level 4. HP: 29/29 MP: 4/4
  2614 | D:4      | Found an iron altar of Okawaru.
  2633 | D:4      | Became a worshipper of Warmaster Okawaru
  2666 | D:4      | Reached skill level 1 in Dodging
  2786 | D:4      | Found a staircase to the Ecumenical Temple.
  3089 | D:4      | Found a broken altar of Ashenzari.
  3146 | D:5      | Entered Level 5 of the Dungeon
  3207 | D:5      | Noticed a phantom
  3219 | D:5      | Killed a phantom
  3220 | D:5      | Reached XP level 5. HP: 33/33 MP: 5/5
  3253 | D:5      | Reached skill level 4 in Maces & Flails
  3361 | D:5      | Reached XP level 6. HP: 38/38 MP: 6/6
  3466 | D:5      | Reached * piety under Okawaru
  3609 | D:5      | Noticed a black bear
  3622 | D:5      | Killed a black bear
  3623 | D:5      | Reached skill level 5 in Maces & Flails
  3623 | D:5      | Reached skill level 5 in Armour
  3623 | D:5      | Reached XP level 7. HP: 33/44 MP: 4/7
  3853 | D:5      | Found an opulent altar of Gozag.
  3898 | D:5      | Found a burning altar of Makhleb.
  4177 | D:6      | Noticed Menkaure
  4188 | D:6      | Killed Menkaure
  4189 | D:6      | Reached skill level 5 in Fighting
  4189 | D:6      | Reached skill level 6 in Maces & Flails
  4189 | D:6      | Reached XP level 8. HP: 43/49 MP: 6/8
  4253 | D:6      | Reached ** piety under Okawaru
  4254 | D:6      | Reached skill level 1 in Stealth
  4732 | D:5      | Reached skill level 7 in Maces & Flails
  5077 | D:6      | Reached XP level 9. HP: 49/55 MP: 6/9
  5197 | D:6      | Reached *** piety under Okawaru
  5243 | D:6      | Found an ancient bone altar of Kikubaaqudgha.
  5361 | D:5      | Reached skill level 5 in Shields
  5365 | D:5      | Reached skill level 8 in Maces & Flails
  6020 | D:7      | Noticed Pikel
  6072 | D:7      | Killed Pikel
  6072 | D:7      | Reached **** piety under Okawaru
  6073 | D:7      | Reached skill level 9 in Maces & Flails
  6208 | D:6      | Reached XP level 10. HP: 10/60 MP: 3/10
  6493 | D:7      | Found Mamywey's Book Shoppe.
  7003 | D:8      | Reached skill level 10 in Maces & Flails
  7132 | D:8      | Noticed Grum
  7148 | D:8      | Reached ***** piety under Okawaru
  7159 | D:8      | Killed Grum
  7275 | D:8      | Noticed a two-headed ogre
  7287 | D:8      | Killed a two-headed ogre
  8087 | D:9      | Identified the +7 flail of Erchurri {spect, Dex+3}
  8272 | D:9      | Found a staircase to the Orcish Mines.
  8443 | D:9      | Reached skill level 1 in Invocations
  8713 | D:10     | Entered Level 10 of the Dungeon
  8739 | D:10     | Killed an unseen horror
  8794 | D:10     | Reached skill level 11 in Maces & Flails
  8812 | D:10     | Noticed Fannar
  8834 | D:10     | Killed Fannar
  8835 | D:10     | Reached XP level 11. HP: 29/67 MP: 4/12
  9066 | D:10     | Found a radiant altar of Vehumet.
  9390 | D:10     | Noticed Josephine
  9403 | D:10     | Killed Josephine
  9492 | D:10     | Found a shimmering altar of Xom.
  9494 | D:10     | Found a shimmering altar of Xom.
  9494 | D:10     | Found a shimmering altar of Xom.
  9498 | D:10     | Found a shimmering altar of Xom.
  9524 | D:10     | Received a gift from Okawaru
  9526 | D:10     | Noticed a cyclops
  9530 | D:10     | Killed a cyclops
  9580 | D:10     | Reached skill level 12 in Maces & Flails
  9592 | D:10     | Noticed a sun demon
  9908 | D:10     | Reached skill level 5 in Invocations
  9947 | D:11     | Noticed a cyclops
  9955 | D:11     | Killed a cyclops
  9981 | D:11     | Noticed a two-headed ogre
  9982 | D:11     | Noticed a cyclops
  9986 | D:11     | Killed a two-headed ogre
  9987 | D:11     | Reached XP level 12. HP: 52/75 MP: 9/16
 10177 | D:11     | Reached ****** piety under Okawaru
 10207 | D:11     | Identified the +1 plate armour "Zaqumobb" {Rampage Will++
                  | Str+5} (Okawaru gifted it to you on level 11 of the
                  | Dungeon)
 10207 | D:11     | Received a gift from Okawaru
 10419 | D:11     | Noticed a two-headed ogre
 10424 | D:11     | Killed a two-headed ogre
 10683 | D:11     | Found a staircase to the Lair.
 10915 | D:12     | Reached skill level 13 in Maces & Flails
 10989 | D:12     | Found Heinium's Serpentskin Sales.
 11761 | Lair:1   | Entered Level 1 of the Lair of Beasts
 11902 | Lair:1   | Noticed a catoblepas
 11907 | Lair:1   | Reached skill level 1 in Throwing
 11912 | Lair:1   | Killed a catoblepas
 12138 | Lair:1   | Found a gate leading to a gauntlet.
 12147 | Gauntlet | Entered a Gauntlet
 12147 | Gauntlet | Found a runed translucent door.
 12147 | Gauntlet | Found a transporter.
 12147 | Gauntlet | Found a runed translucent door.
 12147 | Gauntlet | Found a transporter.
 12162 | Gauntlet | Found a transporter.
 12166 | Gauntlet | Found a transporter.
 12168 | Gauntlet | Noticed a tengu warrior
 12174 | Gauntlet | Found a transporter.
 12178 | Gauntlet | Found a transporter.
 12183 | Gauntlet | Noticed an entropy weaver
 12187 | Gauntlet | Found a transporter.
 12202 | Gauntlet | Found a transporter.
 12219 | Gauntlet | Found a transporter.
 12220 | Gauntlet | Found a transporter.
 12228 | Gauntlet | Found a transporter.
 12232 | Gauntlet | Found a transporter.
 12233 | Gauntlet | Found a runed translucent door.
 12494 | Gauntlet | Reached XP level 13. HP: 79/80 MP: 16/18
 12561 | Gauntlet | Killed an entropy weaver
 12562 | Gauntlet | Reached skill level 10 in Armour
 12713 | Gauntlet | Noticed a minotaur
 12721 | Gauntlet | Killed a minotaur
 12721 | Gauntlet | Identified the +0 storm dragon scales "Hiniri" {rElec rPois
                  | Str+2} (Okawaru gifted it to you in a Gauntlet)
 12721 | Gauntlet | Received a gift from Okawaru
 13173 | Lair:2   | Reached skill level 5 in Stealth
 13203 | Lair:2   | Reached skill level 10 in Fighting
 13294 | Lair:2   | Found a staircase to the Snake Pit.
 13428 | Lair:2   | Identified the +1 helmet of Mupe Heh {-Cast rPois rCorr}
 13589 | Lair:2   | Slain by a torpor snail

Illustrated notes

Levels and vault maps discovered:
D:1:      wheals_arrival_shading, layout_loops_ring, corexii_leaking_fountain,
          nicolae_hexahallways
D:2:      layout_loops_cross, serial_glass, glass_columns_a, glass_columns_b,
          glass_columns_a, glass_columns_b, glass_columns_a, glass_columns_a,
          kennysheep_doodads, uniq_crazy_yiuf_cottage
D:3:      layout_basic
D:4:      layout_cave_pools, okawaru_ov_weapons_minmay, kennysheep_little_box,
          minmay_temple_entry_statues
D:5:      black_bear_nest_2, layout_basic, lemuel_coloured_pillars_altar,
          mainiacjoe_overflow_six_doors_small
D:6:      layout_cave_pools, pf_just_have_faith, serial_bayou_lake_a,
          uniq_menkaure
D:7:      layout_rooms, serial_shops, shop, minmay_manual_mess, uniq_pikel
D:8:      layout_loops_corners, enter_bailey_7, minmay_misc_feat_diagonals,
          small_statue_intersection, uniq_grum
D:9:      layout_irregular_city, orc_0_dummy
D:10:     layout_long_grid, xom_redecorated, vehumet_crystals, hex_tiny,
          onia_ninara_cookie, uniq_fannar, uniq_josephine
D:11:     layout_cave_pools, dpeg_oklobed_lair, st_stairs_8,
          minmay_crystal_water
D:12:     layout_roguey, guppyfry_shop_venom
Lair:1:   layout_cave_shapes, gauntlet_entry_generic, serial_bayou_shore_b,
          infiniplex_staircase_pool
Lair:2:   layout_chaotic_city, guppyfry_snake_entry_garden

Skill      XL: |  1  2  3  4  5  6  7  8  9 10 11 12 13 |
---------------+----------------------------------------+-----
Maces & Flails | 3 4 5 6 7 9 11 12 13 | 13.9
Dodging        | 1 3 |  3.6
Fighting       | 4 5 6 7 8 9 10 | 10.2
Armour         | 4 5 6 7 8 9 10 | 10.4
Shields        | 4 6 8 9 |  9.6
Stealth        | 1 3 4 5 |  5.3
Invocations    | 2 5 7 8 |  8.3
Throwing       | 1 2 |  2.2

Action                     |  1- 3 |  4- 6 |  7- 9 | 10-12 | 13-15 || total
---------------------------+-------+-------+-------+-------+-------++-------
  Melee: Flail             |   174 |   181 |   383 |   605 |    99 ||  1442
  Throw: Dart              |       |       |     1 |       |       ||     1
         Boomerang         |       |       |     1 |    14 |       ||    15
 Invoke: Heroism           |       |       |       |     1 |     1 ||     2
   Stab: Distracted        |       |       |       |     2 |     2 ||     4
 Armour: Scale mail        |   101 |    91 |    90 |       |       ||   282
         Plate armour      |       |       |   158 |   318 |   117 ||   593
         Chain mail        |       |       |     4 |       |       ||     4
  Dodge: Dodged            |    73 |   173 |   276 |   276 |    45 ||   843
  Block: Buckler           |    42 |    42 |   101 |   179 |    50 ||   414

Table legend: (Time is in decaauts)
 A = Elapsed time spent in this place.
 B = Non-inter-level travel time spent in this place.
 C = Inter-level travel time spent in this place.
 D = Time resting spent in this place.
 E = Time spent auto-exploring this place.
 F = Levels seen in this place.
 G = Mean time per level.
                   A        B        C        D        E       F      G
               +--------+--------+--------+--------+--------+-----+--------+
         Total |  13641 |  12852 |    789 |   1021 |   8636 |  15 |  909.4 |
       Dungeon |  11838 |  11139 |    699 |    801 |   7733 |  12 |  986.5 |
          Lair |   1071 |    981 |     90 |      0 |    771 |   2 |  535.5 |
      Gauntlet |    731 |    731 |      0 |    220 |    131 |   1 |  731.0 |
               +--------+--------+--------+--------+--------+-----+--------+

Top non-repeatable levels by time:
     D:5: 1714 daAuts
     D:8: 1293 daAuts
    D:10: 1253 daAuts
     D:6: 1104 daAuts
    D:11: 1023 daAuts
     D:1: 943 daAuts
     D:2: 901 daAuts
     D:7: 845 daAuts
     D:3: 824 daAuts
Gauntlet: 731 daAuts
    D:12: 728 daAuts
     D:9: 663 daAuts
  Lair:1: 620 daAuts
     D:4: 543 daAuts
  Lair:2: 451 daAuts
